AoeStats
← dartzepyon

Four Lakes

509471903Analyzed
1v1 RM · 4d ago on Sep 26, 2026· 35m 56s· 2 players
Game mode
Random Map
Map size
Tiny (2 player)
Population
200
Speed
Normal
Resources
Standard
Victory
Conquest
Starting age
Dark Age
Ending age
Imperial Age
RankedLock teamsTeams togetherTeam positionsShared explorationLock speedFull tech treeHidden civsTurbo modeCheats
Victory
Defeat
🇩🇪 Vikings · Germany
680
+15
🇵🇪 Byzantines · Peru
654
-15
dartzepyon
6:36 Loom
10:27 Feudal Age
12:01 Wheelbarrow
11:35 Double-Bit Axe
18:28 Wheelbarrow
21:46 Castle Age
20:24 Fletching
21:46 Scale Mail Armor
21:55 Scale Mail Armor
22:06 Forging
23:44 Husbandry
23:06 Light Cavalry
25:03 Horse Collar
25:49 Pikeman
26:31 Squires
26:18 Gambesons
26:45 Scale Barding Armor
27:13 Hand Cart
31:23 Chain Barding Armor
31:39 Iron Casting
31:01 Bodkin Arrow
34:37 Imperial Age
34:01 Gold Mining
34:03 Stone Mining
34:19 Heavy Plow
noHotkeys
0:31 Loom
12:27 Feudal Age
12:59 Double-Bit Axe
13:16 Town Watch
15:13 Stone Mining
17:38 Fletching
18:36 Fishing Lines
19:18 Gold Mining
22:24 Castle Age
22:39 Scale Mail Armor
22:50 Forging
23:22 Bodkin Arrow
23:55 Gillnets
24:39 Chain Mail Armor
25:01 Iron Casting
28:14 Arson
29:40 Squires
34:02 Chieftains
Connection lost

Rejoining the realm…

Still unreachable

The connection could not be restored.

Session expired

The server has moved on; the page needs a fresh start.